[ AOE2 MATCH · #493785174 ]
UnrankedKhmer vs Burmese
Player's team · LOSS
Rival team · WIN
[ REPLAY ANALYSIS · EXTRACTED FROM THE RECORDED GAME ]
Feudal
8:53
Castle
—
Imperial
—
| APM avg | 36.1 |
| APM peak | 70 |
| eAPM avg | 18.8 |
| Villagers / military | 28 / 3 |
Focus
⚔️ 31.7% · 🌾 68.3%
Scout Cavalry ×2 · Archer ×1
Feudal
10:09
Castle
—
Imperial
—
| APM avg | 56.7 |
| APM peak | 74 |
| eAPM avg | 18.0 |
| Villagers / military | 36 / 12 |
Focus
⚔️ 30.1% · 🌾 69.9%
Militia ×12
Match map
Initial resources + every placement click. Lines = walls · curves = elevation contours. ◆ gold · ⬟ stone · ● berries · ✦ relic · ◌ wall gap
Your base· Open — unwalled flank
Scruffles's base· Open — unwalled flank
Smoothed initial terrain · ◌ = detected wall gap · hover for details
Inputs per minute
— eddie8209 - - Scruffles
Build order — eddie8209
67 actions detected in the replay
| 0:00 | Create | Villager (Male) |
| 0:00 | Create | Villager (Male) |
| 0:00 | Create | Villager (Male) |
| 0:02 | Build | House |
| 0:02 | Build | House |
| 0:10 | Create | Villager (Male) |
| 1:26 | Create | Villager (Male) |
| 1:51 | Build | Lumber Camp |
| 2:02 | Create | Villager (Male) |
| 2:24 | Create | Villager (Male) |
| 2:24 | Create | Villager (Male) |
| 2:52 | Create | Villager (Male) |
| 2:57 | Build | House |
| 3:10 | Create | Villager (Male) |
| 3:31 | Create | Villager (Male) |
| 4:06 | Create | Villager (Male) |
| 4:27 | Create | Villager (Male) |
| 4:28 | Create | Villager (Male) |
| 4:45 | Build | Mill |
| 5:12 | Create | Villager (Male) |
| 5:25 | Create | Villager (Male) |
| 6:13 | Research | Loom |
| 6:43 | Research | Feudal Age |
| 6:49 | Build | Mill |
| 7:21 | Build | House |
| 8:44 | Build | House |
| 8:53 | Age | Feudal Age |
| 8:54 | Build | Stable |
| 8:55 | Create | Villager (Male) |
| 9:01 | Build | Palisade Wall |
| 9:07 | Create | Villager (Male) |
| 9:33 | Create | Villager (Male) |
| 9:36 | Research | Double-Bit Axe |
| 9:37 | Research | Horse Collar |
| 9:47 | Create | Scout Cavalry |
| 9:51 | Create | Villager (Male) |
| 10:09 | Build | House |
| 10:14 | Create | Scout Cavalry |
| 10:20 | Build | House |
| 10:32 | Build | House |
| 10:35 | Build | House |
| 10:44 | Build | House |
| 10:49 | Create | Villager (Male) |
| 10:54 | Build | House |
| 11:23 | Create | Villager (Male) |
| 11:44 | Create | Villager (Male) |
| 11:53 | Create | Villager (Male) |
| 12:04 | Build | Stone Wall |
| 12:21 | Build | Archery Range |
| 12:30 | Build | House |
| 12:45 | Build | Lumber Camp |
| 13:11 | Create | Villager (Male) |
| 13:19 | Build | Palisade Wall |
| 13:34 | Build | Palisade Wall |
| 13:35 | Build | Palisade Wall |
| 13:36 | Build | Palisade Wall |
| 13:38 | Build | Palisade Wall |
| 13:38 | Create | Villager (Male) |
| 13:39 | Create | Villager (Male) |
| 13:39 | Create | Villager (Male) |
| 13:41 | Build | Palisade Wall |
| 13:49 | Build | Palisade Wall |
| 13:50 | Build | Palisade Wall |
| 13:53 | Build | Palisade Wall |
| 14:06 | Create | Archer |
| 14:21 | Build | Mining Camp |
| 14:30 | Build | Palisade Wall |
Build order — Scruffles
82 actions detected in the replay
| 0:01 | Create | Villager (Male) |
| 0:02 | Build | House |
| 0:04 | Build | House |
| 0:13 | Create | Villager (Male) |
| 0:13 | Create | Villager (Male) |
| 0:13 | Create | Villager (Male) |
| 0:13 | Create | Villager (Male) |
| 1:36 | Create | Villager (Male) |
| 1:52 | Create | Villager (Male) |
| 2:11 | Create | Villager (Male) |
| 2:11 | Create | Villager (Male) |
| 2:40 | Build | Lumber Camp |
| 2:47 | Create | Villager (Male) |
| 3:13 | Build | House |
| 3:22 | Create | Villager (Male) |
| 3:42 | Create | Villager (Male) |
| 3:53 | Create | Villager (Male) |
| 4:13 | Create | Villager (Male) |
| 4:13 | Create | Villager (Male) |
| 4:19 | Build | Mill |
| 4:33 | Create | Villager (Male) |
| 4:34 | Create | Villager (Male) |
| 4:59 | Create | Villager (Male) |
| 5:20 | Build | House |
| 5:36 | Create | Villager (Male) |
| 5:37 | Create | Villager (Male) |
| 5:55 | Create | Villager (Male) |
| 5:55 | Create | Villager (Male) |
| 6:18 | Create | Villager (Male) |
| 6:52 | Create | Villager (Male) |
| 7:26 | Research | Loom |
| 7:49 | Build | Barracks |
| 7:59 | Research | Feudal Age |
| 8:06 | Build | Mining Camp |
| 8:16 | Build | House |
| 8:30 | Create | Militia |
| 8:47 | Build | Palisade Wall |
| 8:48 | Build | Palisade Wall |
| 8:49 | Build | Palisade Wall |
| 8:50 | Build | Palisade Wall |
| 8:51 | Build | Palisade Wall |
| 8:52 | Build | Palisade Wall |
| 8:56 | Create | Militia |
| 8:57 | Create | Militia |
| 9:13 | Create | Militia |
| 9:39 | Create | Militia |
| 10:09 | Create | Villager (Male) |
| 10:09 | Create | Villager (Male) |
| 10:09 | Age | Feudal Age |
| 10:11 | Create | Militia |
| 10:11 | Research | Man-at-Arms (upgrade) |
| 10:16 | Research | Man-at-Arms (upgrade) |
| 10:43 | Create | Militia |
| 10:48 | Build | House |
| 11:02 | Create | Militia |
| 11:03 | Create | Villager (Male) |
| 11:05 | Build | Mill |
| 11:23 | Build | House |
| 11:29 | Build | Palisade Wall |
| 11:40 | Create | Militia |
| 11:52 | Build | Farm |
| 12:50 | Build | Stone Wall |
| 12:53 | Build | Stone Wall |
| 12:58 | Create | Villager (Male) |
| 12:59 | Create | Villager (Male) |
| 12:59 | Create | Villager (Male) |
| 13:02 | Build | Stone Wall |
| 13:03 | Build | Stone Wall |
| 13:04 | Build | Stone Wall |
| 13:06 | Build | Farm |
| 13:08 | Build | Farm |
| 13:09 | Build | Farm |
| 13:51 | Create | Militia |
| 14:03 | Build | Mining Camp |
| 14:07 | Create | Villager (Male) |
| 14:07 | Create | Villager (Male) |
| 14:41 | Create | Villager (Male) |
| 14:41 | Create | Villager (Male) |
| 14:42 | Create | Villager (Male) |
| 15:15 | Create | Militia |
| 15:15 | Create | Militia |
| 15:27 | Create | Villager (Male) |
Match timeline
| 7:49 | Scruffles · first_building Barracks |
| 8:47 | Scruffles · wall_segment Palisade Wall x4 |
| 8:48 | Scruffles · wall_segment Palisade Wall x3 |
| 8:49 | Scruffles · wall_segment Palisade Wall x1 |
| 8:50 | Scruffles · wall_segment Palisade Wall x1 |
| 8:51 | Scruffles · wall_segment Palisade Wall x1 |
| 8:52 | Scruffles · wall_segment Palisade Wall x4 |
| 8:53 | eddie8209 · age_up feudal |
| 8:54 | eddie8209 · first_building Stable |
| 9:01 | eddie8209 · wall_segment Palisade Wall x9 |
| 10:09 | Scruffles · age_up feudal |
| 11:29 | Scruffles · wall_segment Palisade Wall x1 |
| 12:04 | eddie8209 · wall_segment Stone Wall x3 |
| 12:21 | eddie8209 · first_building Archery Range |
| 12:50 | Scruffles · wall_segment Stone Wall x5 |
| 12:53 | Scruffles · wall_segment Stone Wall x19 |
| 13:02 | Scruffles · wall_segment Stone Wall x1 |
| 13:03 | Scruffles · wall_segment Stone Wall x1 |
| 13:04 | Scruffles · wall_segment Stone Wall x1 |
| 13:19 | eddie8209 · wall_segment Palisade Wall x1 |
| 13:34 | eddie8209 · wall_segment Palisade Wall x1 |
| 13:35 | eddie8209 · wall_segment Palisade Wall x1 |
| 13:36 | eddie8209 · wall_segment Palisade Wall x1 |
| 13:38 | eddie8209 · wall_segment Palisade Wall x1 |
| 13:41 | eddie8209 · wall_segment Palisade Wall x1 |
| 13:49 | eddie8209 · wall_segment Palisade Wall x1 |
| 13:50 | eddie8209 · wall_segment Palisade Wall x1 |
| 13:53 | eddie8209 · wall_segment Palisade Wall x1 |
| 14:30 | eddie8209 · wall_segment Palisade Wall x1 |
| 15:29 | eddie8209 · resign |
[ AI ANALYSIS · 1 CREDIT ]
What really happened in this match?
Wolo.gg analyzes every decision: build order, eco, micro, common mistakes by bracket. Personalized analysis on WhatsApp or Discord in 30 seconds.
Civ guide
Khmer
Perfil
Jugador #9949923